 Dungeon Crawl Stone Soup version 0.31-a0-788-ga445dbd2db (webtiles) character file.

Game seed: 7390486154808040139

917 Revguard the Trooper (level 7, -1/84 HPs)
             Began as a Demonspawn Berserker on Sept 18, 2023.
             Was a Believer of Trog.
             Killed by divine providence
             ... invoked by an orc priest
              (15 damage)
             ... on level 5 of the Dungeon.
             The game lasted 00:11:04 (4578 turns).

Revguard the Trooper (Demonspawn Berserker)         Turns: 4578, Time: 00:11:05

Health: -1/84      AC:  3    Str: 20    XL:     7   Next: 83%
Magic:  7/7        EV: 12    Int:  8    God:    Trog [**....]
Gold:   147        SH:  0    Dex: 12    Spells: 6/6 levels left

rFire   . . .        a - +0 hand axe
rCold   . . .        (no shield)
rNeg    . . .        g - +0 ring mail
rPois   .            (helmet restricted)
rElec   .            (no cloak)
rCorr   .            i - +1 pair of gloves
SInv    .            (no boots)
Will    ++...        (no amulet) Stlth
                     (no ring)
HPRegen 1.34/turn    (no ring)
MPRegen 0.10/turn

%: no passive effects
@: mighty, berserking, strong-willed, corroded, regenerating, very quick
A: horns 2, demonic guardian 1, powered by pain 2
a: Renounce Religion, Berserk, Trog's Hand


You were on level 5 of the Dungeon.
You worshipped Trog.
Trog was pleased with you.
You visited 1 branch of the dungeon, and saw 5 of its levels.

You collected 147 gold pieces.

Inventory:

Hand Weapons
 a - a +0 hand axe (weapon)
Missiles
 k - a throwing net
Armour
 g - a +0 ring mail (worn)
 i - a +1 pair of gloves (worn)
Wands
 f - a wand of polymorph (20)
 n - a wand of charming (10)
 q - a wand of mindburst (30)
Scrolls
 b - 5 scrolls of teleportation
 c - a scroll of summoning {unknown}
 d - 2 scrolls of noise
 h - 2 scrolls of vulnerability {unknown}
 l - a scroll of enchant armour {unknown}
 m - a scroll of enchant weapon {unknown}
 o - a scroll of identify
 p - a scroll of poison
Potions
 e - 2 potions of heal wounds
 j - 2 potions of attraction
 r - a potion of cancellation {unknown}
 s - a potion of brilliance {unknown}
 t - a potion of haste {unknown}


   Skills:
 * Level 5.6 Fighting
 * Level 5.1 Axes
 + Level 3.5 Armour
 + Level 3.4 Dodging
 + Level 3.1 Evocations


You had 6 spell levels left.
You didn't know any spells.
Your spell library was empty.

Dungeon Overview and Level Annotations

Branches:
Dungeon (5/15)
 Temple: D:4-7

Altars:
Gozag
Okawaru
Wu Jian

Shops:
D:2 !


Innate Abilities, Weirdness & Mutations

You have a pair of horns on your head.
A weak demonic guardian rushes to your aid.
You sometimes gain power by taking damage.


Message History

Your ufetubus hits the centaur. x2; The jelly misses you.
The iguana bites you!
You focus on the pain.
You feel very mighty all of a sudden.
You slash the jelly!
You kill the jelly!
Trog accepts your kill.
You barely miss the ufetubus. You hit the iguana but do no damage.
The ufetubus closely misses you. The ufetubus barely misses you.
Your ufetubus hits the centaur but does no damage.
Your ufetubus hits the centaur. You hit the iguana.
The iguana is moderately wounded.
You slash the ufetubus!
You kill the ufetubus!
Trog accepts your kill. The iguana barely misses you.
Your ufetubus hits the centaur. x2
You hit the iguana. Your headbutt misses the iguana.
The iguana is heavily wounded.
You hit the centaur but do no damage. The centaur hits you.
* * * LOW HITPOINT WARNING * * *
The centaur barely misses you.
Your ufetubus hits the centaur.
Your ufetubus completely misses the centaur.
The iguana barely misses you.
You slash the centaur!
The centaur is almost dead.
You barely miss the iguana. The centaur hits you.
* * * LOW HITPOINT WARNING * * *
The centaur kicks you.
* * * LOW HITPOINT WARNING * * *
Your ufetubus hits the centaur but does no damage.
Your ufetubus hits the centaur. You slash the iguana!
The iguana is almost dead.
You barely miss the centaur. The centaur hits you.
* * * LOW HITPOINT WARNING * * *
The centaur kicks you.
* * * LOW HITPOINT WARNING * * *
The orc priest calls down the wrath of Beogh upon you.
Beogh smites you!
You die...

..######.##################+#....
..# #........................(..
..# #.####################.#....
..# #.# #....).+..###...#.#.###
..# #.# ......#..)#+.8.#.#.#..
#.# ##.# .....##)))#...#.#.#.#
#'###..# #...+##.)#...#[#....
......## #5c.#.###)|8.'.#.#.#
......# #ol@#..#.#...#.#.#..
......# .....###'##..#...#.#####
..#+### ... ##..##+.8.#......
.>'.# . ##.# #...#...#.÷ ..###
##################.. ..#######
#...........#.......
........######)#######...........
....†.......##.# #...........
......)....|##.#######...........


You could see a centaur (ally target), an iguana, an orc priest and a friendly
ufetubus (summoned).

Vanquished Creatures
  An ogre (D:5)
  3 scorpions
  A hound (D:5)
  2 jellies
  Ijyb (D:4)
  Natasha (thrice) (D:2)
  3 iguanas
  11 gnolls
  7 adders
  A white imp (D:5)
  2 ufetubi (D:5)
  3 worms
  3 dart slugs
  10 orcs
  7 ball pythons
  8 endoplasms
  2 giant cockroaches
  2 goblins
  3 hobgoblins
  4 quokkas
  7 bats
  5 frilled lizards
  6 kobolds
  4 rats
99 creatures vanquished.

Vanquished Creatures (collateral kills)
  A black bear (D:5)
  An iguana (D:5)
  A hobgoblin (D:4)
3 creatures vanquished.

Grand Total: 102 creatures vanquished

Notes
Turn   | Place    | Note
-------+----------+-------------------------------------------
     0 | D:1      | Revguard the Demonspawn Berserker began the quest for the
                  | Orb.
     0 | D:1      | Reached XP level 1. HP: 18/18 MP: 1/1
   265 | D:1      | Gained mutation: A weak demonic guardian rushes to your
                  | aid. [demonic ancestry]
   265 | D:1      | Reached XP level 2. HP: 24/24 MP: 2/2
   407 | D:1      | Found a faded altar of an unknown god.
   431 | D:1      | Reached skill level 1 in Evocations
   431 | D:1      | Discovered your monstrous ancestry.
   431 | D:1      | Gained mutation: You have a pair of small horns on your
                  | head. [demonic ancestry]
   431 | D:1      | Reached XP level 3. HP: 25/29 MP: 3/3
   482 | D:1      | Reached ** piety under Trog
   957 | D:2      | Found Samijuno's Distillery.
   970 | D:2      | Noticed Natasha
   979 | D:2      | Killed Natasha
   980 | D:2      | Gained mutation: You sometimes gain a little power by
                  | taking damage. [demonic ancestry]
   980 | D:2      | Reached XP level 4. HP: 26/36 MP: 4/4
  1134 | D:2      | Noticed Natasha
  1142 | D:2      | Killed Natasha
  1230 | D:2      | Noticed Natasha
  1236 | D:2      | Killed Natasha
  1237 | D:2      | Reached XP level 5. HP: 32/42 MP: 5/5
  2028 | D:3      | Reached *** piety under Trog
  2572 | D:4      | Noticed Ijyb
  2591 | D:4      | HP: 1/42 [hobgoblin (4)]
  2616 | D:4      | Killed Ijyb
  2617 | D:4      | Gained mutation: You have a pair of horns on your head.
                  | [demonic ancestry]
  2617 | D:4      | Reached XP level 6. HP: 18/48 MP: 6/6
  3124 | D:4      | Found an opulent altar of Gozag.
  3275 | D:4      | Identified the +7 morningstar of Incongruity {pain, +Blink
                  | rC+++ MP-9 Str-3}
  3398 | D:4      | Found an iron altar of Okawaru.
  3407 | D:4      | Found an ornate altar of the Wu Jian Council.
  3787 | D:5      | Entered Level 5 of the Dungeon
  4231 | D:5      | Gained mutation: You sometimes gain power by taking damage.
                  | [demonic ancestry]
  4231 | D:5      | Reached XP level 7. HP: 55/55 MP: 7/7
  4233 | D:5      | Reached skill level 5 in Fighting
  4489 | D:5      | Reached skill level 5 in Axes
  4578 | D:5      | Killed from afar by an orc priest

Illustrated notes

Levels and vault maps discovered:
D:1:      dreamdust_arrival_beginning_and_end, layout_basic,
          shapermc_ecumenical_altar_acropolis, minmay_tall_x
D:2:      layout_loops_ring, serial_shops, shop, grunt_ministairs_15,
          uniq_natasha
D:3:      layout_basic
D:4:      layout_rooms, lemuel_doored_altar, mainiacjoe_overflow_swirl,
          serial_forest, infiniplex_forest_lined_ring,
          infiniplex_forest_clump_small, infiniplex_forest_lined_room_3,
          infiniplex_forest_lined_ring, infiniplex_forest_lined_corner,
          infiniplex_forest_lined_1, infiniplex_forest_lined_room_2,
          minmay_misc_feat_secret_circle, roderic_lattice_a, minmay_hedge_maze,
          uniq_ijyb
D:5:      minmay_chambers_of_threes, layout_basic, uniq_grinder

Skill      XL: |  1  2  3  4  5  6  7 |
---------------+----------------------+-----
Axes           | 3 4 5 |  5.1
Armour         | 2 3 |  3.5
Dodging        | 2 3 |  3.4
Evocations     | 1 2 3 |  3.1
Fighting       | 4 5 |  5.6

Action                     |  1- 3 |  4- 6 |  7- 9 || total
---------------------------+-------+-------+-------++-------
  Melee: Hand axe          |    79 |   138 |    40 ||   257
         Headbutt          |     3 |    38 |     7 ||    48
         Unarmed           |       |    13 |       ||    13
 Invoke: Berserk           |     1 |     3 |     2 ||     6
         Trog's Hand       |       |     4 |     3 ||     7
  Evoke: Wand              |       |       |     2 ||     2
    Use: Scroll            |     4 |     1 |       ||     5
   Stab: Distracted        |       |       |     1 ||     1
 Armour: Animal skin       |    21 |       |       ||    21
         Ring mail         |    26 |   130 |    44 ||   200
         Skin              |       |     9 |       ||     9
  Dodge: Dodged            |    59 |   117 |    55 ||   231

Table legend: (Time is in decaauts)
 A = Elapsed time spent in this place.
 B = Non-inter-level travel time spent in this place.
 C = Inter-level travel time spent in this place.
 D = Time resting spent in this place.
 E = Time spent auto-exploring this place.
 F = Levels seen in this place.
 G = Mean time per level.
                   A        B        C        D        E       F      G
               +--------+--------+--------+--------+--------+-----+--------+
         Total |   4645 |   4553 |     92 |    146 |   3583 |   5 |  929.0 |
       Dungeon |   4645 |   4553 |     92 |    146 |   3583 |   5 |  929.0 |
               +--------+--------+--------+--------+--------+-----+--------+

Top non-repeatable levels by time:
     D:4: 1383 daAuts
     D:1: 842 daAuts
     D:3: 824 daAuts
     D:5: 819 daAuts
     D:2: 774 daAuts
